Map: Miner Evacuation

Players

deda

  • Race: Protoss Protoss
  • Spawn Location: 7:00

NamroodTuo

  • Race: Zerg Zerg

VOD

Have the link to the VOD?

Description

Time

  • Played on: May 2, 2023, 3:03 a.m.
  • Length: 6:53
Show
View Real Time Build Order
Export as new Build Order

deda Protoss 

Build Orders:  

Get SALT Encoding   

  12  1:43  Probe (Chrono Boost)  
  13  1:57  Probe (Chrono Boost)  
  14  2:10  Probe (Chrono Boost)  
  14  2:18  Pylon  
  15  2:24  Probe (Chrono Boost)  
  16  2:38  Probe (Chrono Boost)  
  17  3:40  Gateway  
  17  3:44  Probe (Chrono Boost)  
  18  3:55  Assimilator  
  18  3:58  Probe (Chrono Boost)  
  19  4:04  Assimilator  
  19  4:12  Probe (Chrono Boost)  
  20  4:26  Probe (Chrono Boost)  
  21  4:39  Probe (Chrono Boost)  
  22  5:19  Forge  
  22  6:32  Pylon  
  22  6:35  Probe (Chrono Boost)  
Show
View Real Time Build Order
Export as new Build Order

NamroodTuo Zerg 

Build Orders:  

Get SALT Encoding   

  12  0:17  Infested SCV  
  13  0:24  Infested SCV  
  13  0:25  Infested Barracks  
  13  0:26  Infested SCV  
  13  0:27  Overlord  
  15  0:37  Overlord  
  15  0:54  Infested SCV  
  16  1:12  Infested SCV  
  17  1:28  Infested Engineering Bay  
  17  1:30  Infestation Level 1  
  17  1:37  Infested Refinery  
  17  1:39  Infested SCV x2  
  19  1:40  Infested Refinery  
  19  2:29  Infested Bunker  
  23  2:37  Infested SCV x3  
  26  2:45  Infested SCV  
  27  2:55  Infested Bunker  
  31  3:00  Overlord  
  31  3:05  Infested Barracks Tech Lab  
  31  3:08  Stukov Infantry Weapons Level 1  
  31  3:26  Infested Bunker  
  35  4:06  Infestation Level 2  
  35  4:27  Infested Bunker  
  39  4:59  Overlord x5  
  39  5:25  Retinal Augmentation  
  39  5:31  Infested Bunker  
  43  6:08  Infested Bunker  
  51  6:20  Infested Bunker  
Tags
 
Commander
ArtanisStukov
Matchup
Co-op
Replay Pack
Multiplayer
Add a new tag
Caveats
  • Supply blocks, unpowered buildings, or Contaminate may cause inaccurate times.
  • Supply counts are checked every 10 seconds.